 Dungeon Crawl Stone Soup version 0.20-a0-1009-gc986637 (webtiles) character file.

4925 JeffiDaFish the Basher (level 10, -2/63 HPs)
             Began as a Gargoyle Fighter on Apr 15, 2017.
             Was a Believer of Okawaru.
             Slain by a two-headed ogre
             ... wielding a cursed -1 giant club
              (8 damage)
             ... on level 10 of the Dungeon.
             The game lasted 00:15:28 (7138 turns).

JeffiDaFish the Basher (Gargoyle Fighter)           Turns: 7138, Time: 00:15:30

Health: -2/63      AC: 26    Str: 18 (19) XL:     10   Next: 52%
Magic:  10/10      EV:  5    Int:  3 (5)  God:    Okawaru [**....]
Gold:   190        SH: 11    Dex: 12      Spells: 8/9 levels left

rFire    . . .     SeeInvis +   a - +2 flail
rCold    . . .     Gourm    .   c - +0 shield
rNeg     + . .     Faith    .   v - +0 plate armour
rPois    ∞         Spirit   .   r - +3 hat of Instinct {rElec rPois Regen+ Int-5}
rElec    +         Reflect  .   n - +1 cloak
rCorr    +         Harm     .   u - +0 pair of gloves
MR       .....                  (no boots)
Stlth    ..........             (no amulet)
Regen    0.6/turn               i - ring of resist corrosion
MPRegen  0.2/turn               q - ring of see invisible

@: no status effects
A: talons 1, deterioration 1, negative energy resistance 1, electricity
resistance, unbreathing, petrification resistance, rot immunity, AC +7
a: Heroism, Renounce Religion


You were on level 10 of the Dungeon.
You worshipped Okawaru.
Okawaru was pleased with you.
You were not hungry.

You visited 2 branches of the dungeon, and saw 10 of its levels.

You collected 482 gold pieces.
You spent 292 gold pieces at shops.

Inventory:

Hand Weapons
 a - a +2 flail (weapon)
 w - a +1 whip of flaming
Armour
 c - a +0 shield (worn)
 e - a scarf of cold resistance
 n - a +1 cloak (worn)
 r - the +3 hat of Instinct (worn) {rElec rPois Regen+ Int-5}
   (You found it on level 4 of the Dungeon)

   It affects your intelligence (-5).
   It insulates you from electricity.
   It protects you from poison.
   It increases your rate of regeneration.
 u - a +0 pair of gloves (worn)
 v - a +0 plate armour (worn)
Jewellery
 i - a ring of resist corrosion (left hand)
 q - a ring of see invisible (right hand)
Scrolls
 d - 3 scrolls of recharging
 g - 7 scrolls of identify
 j - 2 scrolls of magic mapping
 o - a scroll of remove curse
 A - a scroll of enchant weapon
Potions
 m - a potion of flight
 s - 3 potions of brilliance
Books
 l - Sif Muna's Incunabulum of Orientation
   (You found it on level 2 of the Dungeon)

   Spells                             Type                      Level
   a - Apportation                    Translocation                1
 p - a book of Geomancy

   Spells                             Type                      Level
   a - Sandblast                      Earth                        1
   b - Passwall                       Transmutation/Earth          2
   c - Stone Arrow                    Conjuration/Earth            3
   d - Petrify                        Transmutation/Earth          4
   e - Lee's Rapid Deconstruction     Earth                        5
 y - a book of Conjurations

   Spells                             Type                      Level
   a - Magic Dart                     Conjuration                  1
   b - Searing Ray                    Conjuration                  2
   c - Dazzling Spray                 Conjuration/Hexes            3
   d - Fulminant Prism                Conjuration/Hexes            4
   e - Force Lance                    Conjuration/Translocation    4
   f - Iskenderun's Mystic Blast      Conjuration                  4
Comestibles
 b - 2 royal jellies
 f - 12 bread rations
 h - 6 meat rations
 t - 4 chunks of flesh
 z - 3 fruits


   Skills:
 + Level 7.1 Fighting
 + Level 10.0 Maces & Flails
 + Level 6.6 Armour
 + Level 3.3 Dodging
 + Level 1.2 Stealth
 + Level 8.8 Shields


You had 8 spell levels left.
You knew the following spells:

 Your Spells              Type           Power        Failure   Level  Hunger
a - Sandblast             Erth           #.....       100%        1    ##.....


Dungeon Overview and Level Annotations

Branches:
Dungeon (8/15)             Temple (1/1) D:7
   Lair: D:8-11

Altars:
Ashenzari
Cheibriados
Dithmenos
Elyvilon
Fedhas
Gozag
Hepliaklqana
Kikubaaqudgha
Nemelex Xobeh
Okawaru
Qazlal
Ru
Sif Muna
Trog
Uskayaw
Vehumet
Wu Jian
Xom
Yredelemnul
Zin

Shops:
D:6 *   D:7 *


Innate Abilities, Weirdness & Mutations

You are resistant to torment.
Your stone body is resilient. (AC +7)
You are immune to poison.
You resist negative energy. (rN+)
You are resistant to electric shocks. (rElec)
You can survive without breathing.
You are immune to petrification.
You are immune to rotting.
You have sharp toenails.
Your body sometimes deteriorates upon taking damage.


Message History

The orc barely misses you.
The two-headed ogre hits you but does no damage.
You block the two-headed ogre's attack.
You feel better. The orc hits you but does no damage.
You block the orc's attack.
You block the two-headed ogre's attack. x2
You feel better. You block the orc's attack.
The orc hits you but does no damage.
You hit the two-headed ogre but do no damage.
You claw the two-headed ogre, but do no damage.
The two-headed ogre is heavily wounded.
The two-headed ogre hits you with a giant club!!
The two-headed ogre hits you but does no damage.
The orc hits you but does no damage. You block the orc's attack.
You hit the two-headed ogre.
The two-headed ogre is heavily wounded.
The orc barely misses you. You block the orc's attack.
The two-headed ogre hits you with a giant club!
* * * LOW HITPOINT WARNING * * *
The two-headed ogre hits you with a giant spiked club!
You die...

#.....o...+
#.....o...#
#.!.......#
#.........#
#.....O.O.# .. ###'#
##.. #...# ####...#
##.###### #.......
#.oO@...# #.......
#..oo...# #.....).
#.......# ####.......
#.......# #..).......
#.......###.##.....^.
#...........###.#####
#.......##### #.##
###.##### #.># #.
##.####


You could see a two-headed ogre, an orc priest and 2 orcs.

Vanquished Creatures
  A two-headed ogre (D:8)
  Pikel (D:7)
  The ghost of w00t the Destroyer, a novice DEWz (D:6)
  The ghost of herbganker the Spear-Bearer, an amateur MfGl (D:3)
  A hornet (D:7)
  Eustachio (D:5)
  A soldier ant (D:5)
  3 orc warriors
  4 ogres
  2 centaurs
  4 bullfrogs
  A wyvern zombie (D:7)
  2 scorpions (D:5)
  A killer bee (D:5)
  2 vampire bats (D:4)
  2 crimson imps (D:5)
  4 howler monkeys (D:7)
  A jelly (D:5)
  A bullfrog zombie (D:6)
  3 orc priests
  A hound (D:4)
  Crazy Yiuf (D:2)
  A bullfrog skeleton (D:4)
  Natasha (thrice) (D:2)
  13 orc wizards
  3 iguanas
  Ijyb (D:5)
  7 worker ants
  A hound zombie (D:5)
  2 hound skeletons
  4 gnolls (D:5)
  11 adders
  A shadow imp (D:7)
  3 oozes
  2 adder skeletons (D:6)
  3 worms
  2 dart slugs
  4 leopard geckos
  34 orcs
  8 giant cockroaches
  6 goblins
  9 hobgoblins
  A ball python (D:3)
  15 bats
  6 frilled lizards
  7 kobolds
  A quokka zombie (D:6)
  3 rats
190 creatures vanquished.

Vanquished Creatures (others)
  A centaur zombie (D:7)
  An orc wizard (D:6)
  An adder (D:5)
  A leopard gecko (D:7)
4 creatures vanquished.

Grand Total: 194 creatures vanquished

Notes
Turn   | Place    | Note
-------+----------+-------------------------------------------
     0 | D:1      | JeffiDaFish the Gargoyle Fighter began the quest for the Orb.
     0 | D:1      | Reached XP level 1. HP: 14/14 MP: 1/1
    40 | D:1      | Reached XP level 2. HP: 13/19 MP: 2/2
   404 | D:1      | Reached XP level 3. HP: 23/23 MP: 3/3
   576 | D:2      | Noticed Natasha
   585 | D:2      | Killed Natasha
   891 | D:2      | Noticed Natasha
   902 | D:2      | Reached XP level 4. HP: 14/29 MP: 4/4
   915 | D:2      | Killed Natasha
  1186 | D:2      | Noticed Natasha
  1192 | D:2      | Killed Natasha
  1192 | D:2      | Reached skill level 3 in Maces & Flails
  1192 | D:2      | Reached XP level 5. HP: 13/33 MP: 5/5
  1509 | D:2      | Found an ancient bone altar of Kikubaaqudgha.
  1513 | D:2      | Found a deep blue altar of Sif Muna.
  1515 | D:2      | Found a radiant altar of Vehumet.
  1519 | D:2      | Identified Sif Muna's Incunabulum of Orientation
  1727 | D:2      | Found a runed door.
  1731 | D:2      | Noticed Crazy Yiuf
  1740 | D:2      | Killed Crazy Yiuf
  1740 | D:2      | Reached skill level 1 in Dodging
  2239 | D:3      | Reached XP level 6. HP: 28/39 MP: 6/6
  2269 | D:3      | Noticed herbganker's ghost (amateur MfGl)
  2295 | D:3      | Killed herbganker's ghost
  2295 | D:3      | Reached skill level 4 in Maces & Flails
  2303 | D:3      | Reached XP level 7. HP: 18/44 MP: 7/7
  2666 | D:3      | Gained mutation: Your body sometimes deteriorates upon taking damage. [potion of mutation]
  2666 | D:3      | Gained mutation: You have sharp toenails. [potion of mutation]
  2775 | D:3      | Found a shimmering altar of Xom.
  2775 | D:3      | Found a shimmering altar of Xom.
  2776 | D:3      | Found a shimmering altar of Xom.
  2777 | D:3      | Found a shimmering altar of Xom.
  2778 | D:3      | Found a shimmering altar of Xom.
  3282 | D:4      | Reached skill level 5 in Shields
  3388 | D:4      | Found a sparkling altar of Nemelex Xobeh.
  3401 | D:4      | Learned a level 1 spell: Sandblast
  3500 | D:4      | Reached skill level 5 in Maces & Flails
  3755 | D:4      | Reached skill level 5 in Fighting
  3757 | D:4      | Reached XP level 8. HP: 41/49 MP: 8/8
  3866 | D:4      | Found a snail-covered altar of Cheibriados.
  3892 | D:4      | Got a fine hat
  3898 | D:4      | Identified the +3 hat of Instinct {rElec rPois Regen+ Int-5} (You found it on level 4 of the Dungeon)
  4013 | D:5      | Entered Level 5 of the Dungeon
  4040 | D:5      | Noticed Eustachio
  4041 | D:5      | Reached skill level 5 in Armour
  4191 | D:5      | Killed Eustachio
  4191 | D:5      | Reached skill level 6 in Maces & Flails
  4329 | D:5      | Found a stormy altar of Qazlal.
  4484 | D:5      | Found a blossoming altar of Fedhas.
  4660 | D:5      | Found a runed door.
  4671 | D:5      | Noticed Ijyb
  4689 | D:5      | Killed Ijyb
  4716 | D:5      | Found a runed door.
  4739 | D:5      | Reached skill level 7 in Maces & Flails
  4774 | D:5      | Reached XP level 9. HP: 54/54 MP: 9/9
  5138 | D:6      | Noticed w00t's ghost (novice DEWz)
  5145 | D:6      | Killed w00t's ghost
  5191 | D:6      | Found an opulent altar of Gozag.
  5262 | D:6      | Reached skill level 1 in Stealth
  5275 | D:6      | Reached skill level 8 in Maces & Flails
  5410 | D:6      | Found a hide-covered altar of Uskayaw.
  5502 | D:6      | Found Jicaihob's General Store.
  5511 | D:6      | Bought a scroll of enchant weapon for 82 gold pieces
  5682 | D:6      | Found an ornate altar of the Wu Jian Council.
  5782 | D:7      | Found a staircase to the Ecumenical Temple.
  5791 | Temple   | Entered the Ecumenical Temple
  5865 | Temple   | Became a worshipper of Warmaster Okawaru
  5902 | D:7      | Found a white marble altar of Elyvilon.
  6118 | D:7      | Noticed a hornet
  6132 | D:7      | Killed a hornet
  6132 | D:7      | Reached * piety under Okawaru
  6166 | D:7      | Reached skill level 9 in Maces & Flails
  6166 | D:7      | Reached XP level 10. HP: 50/61 MP: 10/10
  6196 | D:7      | Identified a scroll of acquirement
  6253 | D:7      | Noticed Pikel
  6271 | D:7      | Killed Pikel
  6271 | D:7      | Reached ** piety under Okawaru
  6496 | D:7      | Found Uheemy's Assorted Antiques.
  6517 | D:7      | Bought a scroll of enchant weapon for 210 gold pieces
  6750 | D:8      | Noticed a two-headed ogre
  6769 | D:8      | Killed a two-headed ogre
  6769 | D:8      | Reached skill level 10 in Maces & Flails
  6978 | D:8      | You fall through a shaft for 2 floors!
  6978 | D:10     | Entered Level 10 of the Dungeon
  7117 | D:10     | Noticed a two-headed ogre
  7138 | D:10     | Slain by a two-headed ogre

Vault maps used:
D:1:      lemuel_arrival_behind_the_door_large, hangedman_decor_lopped
D:2:      grunt_temple_overflow_magic_moments, uniq_crazy_yiuf_cottage,
          uniq_natasha
D:3:      cheibrodos_helix_gallery, xom_redecorated
D:4:      lemuel_crystal_altar, nemelex_xobeh_ov_fountains_minmay,
          minmay_guarded_unrand_vampires_tooth
D:5:      lemuel_insect_pit, fedhas_altar_2, first_bread, grunt_qazlal_clouds,
          uniq_iyjb, uniq_eustachio
D:6:      grunt_gozag_breadcrumbs, nicolae_overflow_crystal_walls,
          old_standard_altar, serial_shops, kennysheep_mini, st_stairs_7
D:7:      lemuel_ice_spiral_2, old_standard_altar,
          minmay_temple_entry_overgrown, serial_shops, shop, grunt_ogre_cave,
          uniq_pikel
D:8:      nicolae_overflow_hidden_temple, makhleb_grotto_becter
D:10:     lemuel_blue_sif_altar, uniq_joseph
Temple:   jpeg_temple_island

Skill      XL: |  1  2  3  4  5  6  7  8  9 10 |
---------------+-------------------------------+-----
Armour         | 4 5 6 |  6.6
Shields        | 4 5 6 7 8 |  8.8
Maces & Flails | 3 4 5 7 9 10 | 10.0
Fighting       | 4 5 6 7 |  7.1
Dodging        | 1 2 3 |  3.3
Stealth        | 1 |  1.2

Action                   |  1- 3 |  4- 6 |  7- 9 | 10-12 || total
-------------------------+-------+-------+-------+-------++-------
Melee: Flail             |    85 |   146 |   725 |    92 ||  1048
       Kick              |       |       |   178 |    42 ||   220
       Whip              |       |       |       |    20 ||    20
  Use: Potion            |     3 |     2 |     5 |     4 ||    14
       Scroll            |     2 |     5 |     4 |     3 ||    14
 Stab: Invisible         |       |     1 |       |       ||     1
  Eat: Chunk             |       |     5 |    14 |     3 ||    22
Armor: Scale mail        |    55 |    38 |       |       ||    93
       Chain mail        |       |    45 |   413 |       ||   458
       Plate armour      |       |       |    53 |    55 ||   108
Dodge: Dodged            |    31 |    47 |   215 |    15 ||   308
Block: Shield            |    43 |    76 |   487 |    44 ||   650
